AoeStats
← -

Arena

508746989Analyzed
1v1 RM · 9d ago on Sep 23, 2026· 66m 29s· 2 players
Game mode
Random Map
Map size
Tiny (2 player)
Population
200
Speed
Normal
Resources
Standard
Victory
Conquest
Starting age
Dark Age
Ending age
Imperial Age
RankedLock teamsTeams togetherTeam positionsShared explorationLock speedFull tech treeHidden civsTurbo modeCheats
Victory
Defeat
🇪🇸 Burgundians · Spain
1748
+14
🇦🇷 Malay · Argentina
1708
-14
-
11:39 Feudal Age
11:42 Feudal Age
15:04 Castle Age
13:23 Horse Collar
13:51 Double-Bit Axe
15:44 Bow Saw
16:41 Loom
20:59 Wheelbarrow
21:20 Gold Mining
21:34 Padded Archer Armor
22:31 Hand Cart
22:17 Padded Archer Armor
24:08 Heavy Plow
27:17 Imperial Age
24:41 Fletching
25:14 Ballistics
25:39 Crossbowman
26:15 Bodkin Arrow
26:44 Ballistics
27:49 Chemistry
26:11 Pikeman
27:28 Forging
27:21 Squires
28:04 Bracer
27:51 Halberdier
29:40 Gold Shaft Mining
28:57 Stone Mining
30:48 Iron Casting
30:54 Thumb Ring
32:00 Leather Archer Armor
34:12 Ring Archer Armor
35:41 Masonry
35:55 Arbalester
37:09 Man-at-Arms
37:51 Long Swordsman
39:32 Blast Furnace
38:37 Two-Handed Swordsman
38:56 Two-Handed Swordsman
40:01 Conscription
41:33 Town Watch
42:26 Arson
46:29 Forced Levy
46:41 Scale Barding Armor
49:10 Siege Engineers
51:14 Guilds
52:26 Bombard Tower
53:02 Crop Rotation
56:14 Capped Ram
59:49 Elite Skirmisher
Alfonso
4:46 Double-Bit Axe
7:20 Horse Collar
10:32 Feudal Age
14:31 Castle Age
13:30 Heavy Plow
14:10 Bow Saw
17:06 Wheelbarrow
19:21 Stone Mining
21:15 Gold Mining
22:38 Hand Cart
26:49 Imperial Age
24:55 Loom
24:56 Town Watch
26:46 Scale Barding Armor
26:52 Forging
27:27 Husbandry
26:48 Light Cavalry
28:34 Chemistry
28:15 Chain Barding Armor
27:52 Elite Skirmisher
28:26 Fletching
29:23 Conscription
30:47 Bodkin Arrow
31:23 Ballistics
32:16 Bracer
32:17 Padded Archer Armor
32:02 Hussar
33:30 Burgundian Vineyards
33:54 Leather Archer Armor
37:16 Plate Barding Armor
36:45 Treadmill Crane
39:19 Iron Casting
45:27 Guilds
53:25 Blast Furnace
52:26 Scale Mail Armor
54:05 Cavalier
60:17 Two-Man Saw
61:35 Paladin
Connection lost

Rejoining the realm…

Still unreachable

The connection could not be restored.

Session expired

The server has moved on; the page needs a fresh start.